Capitals vs Stars
Created - 5 novembre 2012 at 19:08
Simulating a Pre-Season
Goals
|
| Capitals |
0 |
2 |
2 |
0 |
2 |
5 |
| Stars |
1 |
2 |
1 |
0 |
1 |
4 |
|
Shots
|
| Capitals |
9 |
9 |
7 |
0 |
7 |
25 |
| Stars |
10 |
15 |
9 |
0 |
7 |
34 |
|
1st period
1. Stars , Cory Stillman 3 (Alexei Kovalev, Mike Modano) at 12:34 (PP)
Penalties :
Anton Volchenkov (Was) for Close Hand On Puck (Minor) at 11:48, Cory Stillman (Dal) for Holding (Minor) at 15:32
2nd period
2. Capitals , Nicklas Backstrom 2 (Brian Rolston, Anze Kopitar) at 2:53
3. Capitals , Andrew Brunette 2 (Nicklas Backstrom, Toni Lydman) at 3:47
4. Stars , Mark Parrish 1 (Jan Hlavac, Mathieu Schneider) at 10:12
5. Stars , Cory Stillman 4 (Mike Modano, Mathieu Schneider) at 13:01
Penalties :
Mathieu Schneider (Dal) for Holding (Minor) at 4:44, Pierre-Alexandre Parenteau (Was) for Interference (Minor) at 15:06, Pierre-Alexandre Parenteau (Was) for Roughing (Minor) at 17:25
3rd period
6. Capitals , Jordan Staal 1 (Thomas Vanek, Dennis Wideman) at 3:23
7. Stars , David Legwand 2 (Patrik Elias, Filip Novak) at 4:28
8. Capitals , Ales Hemsky 4 (Anze Kopitar) at 10:09
Penalties :
Anton Volchenkov (Was) for Holding (Minor) at 0:15, Adam Munro (Was) for Slashing (Minor) at 6:30 - Andrew Brunette served the penalty, Brendan Bell (Dal) for Charging (Minor) at 10:50, Thomas Vanek (Was) for Holding (Minor) at 10:50, T.J. Oshie (Was) for Holding (Minor) at 12:58, Ales Hemsky (Was) for Abuse of Officials (Major / Game Misconduct) at 19:12
Overtime #1
No Goal
Penalties :
No Penalty
Shootout
Penalty Shot by Anze Kopitar for Capitals - Goal!
Penalty Shot by Mike Modano for Stars - Stopped by Adam Munro
Penalty Shot by Alex Tanguay for Capitals - Shot Misses the Net
Penalty Shot by Alexei Kovalev for Stars - Goal!
Penalty Shot by Thomas Vanek for Capitals - Shot Misses the Net
Penalty Shot by Nathan Horton for Stars - Stopped by Adam Munro
Penalty Shot by Brian Rolston for Capitals - Stopped by Chris Osgood
Penalty Shot by Glen Metropolit for Stars - Stopped by Adam Munro
Penalty Shot by Peter Regin for Capitals - Stopped by Chris Osgood
Penalty Shot by David Legwand for Stars - Stopped by Adam Munro
Penalty Shot by Brian Rafalski for Capitals - Shot Misses the Net
Penalty Shot by Jan Hlavac for Stars - Shot Misses the Net
Penalty Shot by Pierre-Alexandre Parenteau for Capitals - Goal!
Penalty Shot by Colby Armstrong for Stars - Stopped by Adam Munro
Penalties :
No Penalty
Goalie Stats
Adam Munro (Was), 30 saves from 34 shots - (0,882), W, 1-0-0, 65:00 minutes
Chris Osgood (Dal), 21 saves from 25 shots - (0,840), OTL, 0-0-1, 65:00 minutes
Players Stats for Capitals
Player Name G A P +/- PIM S H SB GA TA FO MP PP MP PK MP
------------------------------------------------------------------------------------
Ales Hemsky 1 0 1 0 15 2 0 1 0 0 0/0 14:13 1:52 0:00
Alex Tanguay 0 0 0 0 0 1 4 0 0 0 2/2 23:45 2:06 7:01
Andrew Brunette 1 0 1 2 0 3 1 0 0 0 0/1 12:22 0:01 1:40
Anton Volchenkov 0 0 0 0 4 1 0 1 1 1 0/0 29:04 2:04 6:17
Anze Kopitar 0 2 2 0 0 1 3 0 2 0 18/37 24:37 2:06 7:58
Brian Rafalski 0 0 0 0 0 3 1 3 1 0 0/0 30:30 2:04 7:51
Brian Rolston 0 1 1 2 0 1 1 0 0 1 0/0 13:45 2:05 3:07
Darius Kasparaitis 0 0 0 0 0 2 1 0 0 0 0/0 13:06 0:00 1:03
Dennis Wideman 0 1 1 1 0 2 0 2 0 0 0/0 21:44 1:54 6:50
Jason Chimera 0 0 0 0 0 1 0 0 0 0 0/0 8:10 0:00 0:20
Johnny Boychuk 0 0 0 0 0 1 0 1 1 0 0/0 14:16 0:00 2:29
Jordan Staal 1 0 1 -1 0 1 0 0 0 0 5/13 16:48 0:00 3:40
Nicklas Backstrom 1 1 2 2 0 3 0 0 1 0 1/1 9:28 0:00 0:15
Peter Regin 0 0 0 0 0 0 0 0 0 0 3/4 9:21 1:52 0:00
Pierre-Alexandre Parente 0 0 0 0 4 0 3 0 0 0 0/0 7:51 0:00 0:00
T.J. Oshie 0 0 0 -1 2 2 2 1 0 1 0/0 13:28 0:00 0:00
Thomas Vanek 0 1 1 -1 2 1 2 1 1 0 0/0 18:02 1:52 3:07
Toni Lydman 0 1 1 1 0 0 3 1 0 0 0/0 21:44 1:54 6:50
Players Stats for Stars
Player Name G A P +/- PIM S H SB GA TA FO MP PP MP PK MP
------------------------------------------------------------------------------------
Alexei Kovalev 0 1 1 1 0 3 2 0 0 0 0/0 17:51 5:44 0:00
Brendan Bell 0 0 0 0 2 0 1 0 0 1 0/0 22:37 4:53 0:19
Colby Armstrong 0 0 0 0 0 0 0 0 0 1 0/2 18:25 5:42 0:38
Cory Stillman 2 0 2 1 2 2 3 0 0 0 0/0 16:45 4:12 1:00
David Legwand 1 0 1 0 0 8 0 0 0 0 12/25 21:55 5:37 1:24
Filip Novak 0 1 1 1 0 0 0 2 0 1 0/0 26:05 4:53 2:11
Glen Metropolit 0 0 0 -1 0 1 1 0 0 0 3/7 10:30 0:00 1:15
Ivan Majesky 0 0 0 -1 0 0 0 0 0 1 0/0 10:50 0:00 0:34
Jan Hlavac 0 1 1 -1 0 3 1 0 1 0 0/0 10:05 0:02 1:16
Marcus Nilson 0 0 0 -1 0 3 0 0 0 0 0/0 11:05 0:00 0:23
Mark Parrish 1 0 1 -1 0 1 1 0 0 0 0/0 7:49 0:02 0:00
Mathieu Schneider 0 2 2 -1 2 2 2 1 0 0 0/0 27:24 6:35 0:54
Mike Modano 0 2 2 1 0 2 2 0 0 0 9/18 22:46 5:44 2:00
Nathan Horton 0 0 0 -1 0 2 0 2 0 0 0/0 13:41 1:15 0:00
Patrick O'Sullivan 0 0 0 -1 0 2 0 0 0 0 2/3 13:37 0:29 0:00
Patrik Elias 0 1 1 0 0 5 2 2 0 0 3/3 19:24 5:37 0:00
Randy Jones 0 0 0 -1 0 0 0 0 0 1 0/0 13:32 0:00 1:47
Shea Weber 0 0 0 0 0 0 2 3 2 2 0/0 29:39 6:35 2:11
3 Stars
1 - Cory Stillman (Dal)
2 - Nicklas Backstrom (Was)
3 - Andrew Brunette (Was)
Power Play
Capitals - 0 on 2 Attempt(s) - 0,00%
Stars - 1 on 7 Attempt(s) - 14,29%
Penalty Kill
Capitals - 6 on 7 Attempt(s) - 85,71%
- Score 0 goal in Penalty Kill
Stars - 2 on 2 Attempt(s) - 100,00%
- Score 0 goal in Penalty Kill
Official
Referees : StLaurent Francois and Lee Chris
Linesman : Brian Mach and Steve Miller
Game Notes
Cory Stillman is injured at 11:59 of 3rd period (Abdomen/Ribs)
Ales Hemsky ejected from game at 19:12 of 3rd period
Ales Hemsky from Capitals is suspended for 1 game(s)
Capitals
5 vs 5 Forward
Center Left Wing Right Wing Time % Phy DF OF
1 Anze Kopitar Alex Tanguay Ales Hemsky 40 1 2 2
2 Jordan Staal Thomas Vanek T.J. Oshie 30 1 2 2
3 Nicklas Backstrom Andrew Brunette Brian Rolston 20 1 2 2
4 Peter Regin Jason Chimera Pierre-Alexandre Parentea10 1 2 2
5 vs 5 Defense
Defense Defense Time % Phy DF OF
1 Brian Rafalski Anton Volchenkov 40 1 2 2
2 Dennis Wideman Toni Lydman 30 1 2 2
3 Darius Kasparaitis Johnny Boychuk 20 1 2 2
4 Brian Rafalski Anton Volchenkov 10 1 2 2
PowerPlay Forward
Center Left Wing Right Wing Time % Phy DF OF
1 Anze Kopitar Alex Tanguay Brian Rolston 60 1 2 2
2 Peter Regin Thomas Vanek Ales Hemsky 40 1 2 2
PowerPlay Defense
Defense Defense Time % Phy DF OF
1 Brian Rafalski Anton Volchenkov 60 1 2 2
2 Dennis Wideman Toni Lydman 40 1 2 2
Penalty Kill 4 Players Forward
Center Wing Time % Phy DF OF
1 Anze Kopitar Alex Tanguay 60 1 2 2
2 Thomas Vanek Brian Rolston 40 1 2 2
Penalty Kill 4 Players Defense
Defense Defense Time % Phy DF OF
1 Brian Rafalski Anton Volchenkov 60 1 2 2
2 Dennis Wideman Toni Lydman 40 1 2 2
Penalty Kill - 3 Players Forward
Forward Time % Phy DF OF
1 Anze Kopitar 60 1 2 2
2 Alex Tanguay 40 1 2 2
Penalty Kill - 3 Players Defense
Defense Defense Time % Phy DF OF
1 Brian Rafalski Anton Volchenkov 60 1 2 2
2 Dennis Wideman Toni Lydman 40 1 2 2
4 vs 4 Forward
Center Wing Time % Phy DF OF
1 Anze Kopitar Alex Tanguay 60 1 2 2
2 Thomas Vanek Brian Rolston 40 1 2 2
4 vs 4 Defense
Defense Defense Time % Phy DF OF
1 Brian Rafalski Anton Volchenkov 60 1 2 2
2 Dennis Wideman Toni Lydman 40 1 2 2
Last Minutes Offensive
Center Left Wing Right Wing Defense Defense
Anze Kopitar Alex Tanguay Brian Rolston Brian Rafalski Anton Volchenkov
Last Minutes Defensive
Center Left Wing Right Wing Defense Defense
Anze Kopitar Alex Tanguay Brian Rolston Brian Rafalski Anton Volchenkov
Goaltenders
Starting : Adam Munro
Backup : Marty Turco
Extra Forwards
Normal : Andrew Brunette, Nicklas Backstrom, Jordan Staal - PP : Andrew Brunette, Nicklas Backstrom - PK : Jordan Staal
Extra Defensemen
Normal : Darius Kasparaitis, Johnny Boychuk, Dennis Wideman - PP : Darius Kasparaitis - PK : Johnny Boychuk, Dennis Wideman
Penalty Shots
Anze Kopitar, Alex Tanguay, Thomas Vanek, Brian Rolston, Peter Regin
Stars
5 vs 5 Forward
Center Left Wing Right Wing Time % Phy DF OF
1 David Legwand Patrik Elias Colby Armstrong 33 1 1 3
2 Mike Modano Cory Stillman Alexei Kovalev 33 1 1 3
3 Patrick O'Sullivan Marcus Nilson Nathan Horton 28 1 2 2
4 Glen Metropolit Jan Hlavac Mark Parrish 6 1 3 1
5 vs 5 Defense
Defense Defense Time % Phy DF OF
1 Shea Weber Filip Novak 37 1 2 2
2 Mathieu Schneider Brendan Bell 37 1 1 3
3 Randy Jones Ivan Majesky 20 1 3 1
4 Mathieu Schneider Shea Weber 6 1 2 2
PowerPlay Forward
Center Left Wing Right Wing Time % Phy DF OF
1 David Legwand Patrik Elias Colby Armstrong 50 1 1 3
2 Mike Modano Cory Stillman Alexei Kovalev 50 1 1 3
PowerPlay Defense
Defense Defense Time % Phy DF OF
1 Mathieu Schneider Shea Weber 65 1 1 3
2 Filip Novak Brendan Bell 35 1 2 2
Penalty Kill 4 Players Forward
Center Wing Time % Phy DF OF
1 Mike Modano Cory Stillman 60 1 4 0
2 David Legwand Colby Armstrong 40 1 4 0
Penalty Kill 4 Players Defense
Defense Defense Time % Phy DF OF
1 Shea Weber Filip Novak 60 1 4 0
2 Mathieu Schneider Randy Jones 40 1 4 0
Penalty Kill - 3 Players Forward
Forward Time % Phy DF OF
1 Mike Modano 60 1 4 0
2 David Legwand 40 1 4 0
Penalty Kill - 3 Players Defense
Defense Defense Time % Phy DF OF
1 Shea Weber Filip Novak 60 1 4 0
2 Mathieu Schneider Randy Jones 40 1 4 0
4 vs 4 Forward
Center Wing Time % Phy DF OF
1 David Legwand Patrik Elias 50 1 1 3
2 Mike Modano Cory Stillman 50 1 1 3
4 vs 4 Defense
Defense Defense Time % Phy DF OF
1 Shea Weber Filip Novak 50 1 1 3
2 Mathieu Schneider Brendan Bell 50 1 1 3
Last Minutes Offensive
Center Left Wing Right Wing Defense Defense
David Legwand Patrik Elias Alexei Kovalev Mathieu Schneider Shea Weber
Last Minutes Defensive
Center Left Wing Right Wing Defense Defense
Mike Modano Cory Stillman Colby Armstrong Shea Weber Filip Novak
Goaltenders
Starting : Chris Osgood
Backup : Miika Kiprusoff
Extra Forwards
Normal : Patrick O'Sullivan, Glen Metropolit, Nathan Horton - PP : Nathan Horton, Patrick O'Sullivan - PK : Glen Metropolit
Extra Defensemen
Normal : Randy Jones, Ivan Majesky, Mathieu Schneider - PP : Randy Jones - PK : Randy Jones, Ivan Majesky
Penalty Shots
Mike Modano, Alexei Kovalev, Cory Stillman, Nathan Horton, David Legwand
% Time on Ice - Capitals
Lines # - Real PCT - Wanted PCT - Time Play
Normal Forward
1 - 30% - 40% - 12:58
2 - 33% - 30% - 14:01
3 - 18% - 20% - 7:46
4 - 18% - 10% - 7:50
Normal Defense
1 - 38% - 40% - 16:11
2 - 29% - 30% - 12:31
3 - 25% - 20% - 10:39
4 - 8% - 10% - 3:14
PP Forward
1 - 53% - 60% - 2:06
2 - 47% - 40% - 1:52
PP Defense
1 - 52% - 60% - 2:04
2 - 48% - 40% - 1:54
PK Forward
1 - 73% - 60% - 8:21
2 - 27% - 40% - 3:07
PK Defense
1 - 55% - 60% - 6:17
2 - 45% - 40% - 5:11
PK3 Forward
1 - 78% - 60% - 3:16
2 - 22% - 40% - 0:56
PK3 Defense
1 - 61% - 60% - 2:33
2 - 39% - 40% - 1:39
44 Forward
1 - 74% - 60% - 2:03
2 - 26% - 40% - 0:44
44 Defense
1 - 83% - 60% - 2:18
2 - 17% - 40% - 0:29
Last Minute Offensive - 0:00
Last Minute Defensive - 0:00
Total
Forward - 65:00
Defense - 65:00
|
% Time on Ice - Stars
Lines # - Real PCT - Wanted PCT - Time Play
Normal Forward
1 - 27% - 33% - 11:27
2 - 34% - 33% - 14:41
3 - 23% - 28% - 9:55
4 - 15% - 6% - 6:32
Normal Defense
1 - 38% - 37% - 16:21
2 - 36% - 37% - 15:14
3 - 23% - 20% - 9:36
4 - 3% - 6% - 1:24
PP Forward
1 - 49% - 50% - 5:37
2 - 51% - 50% - 5:51
PP Defense
1 - 57% - 65% - 6:35
2 - 43% - 35% - 4:53
PK Forward
1 - 84% - 60% - 3:20
2 - 16% - 40% - 0:38
PK Defense
1 - 55% - 60% - 2:11
2 - 45% - 40% - 1:47
PK3 Forward
1 - 0% - 60%
2 - 0% - 40%
PK3 Defense
1 - 0% - 60%
2 - 0% - 40%
44 Forward
1 - 35% - 50% - 2:25
2 - 65% - 50% - 4:34
44 Defense
1 - 55% - 50% - 3:49
2 - 45% - 50% - 3:10
Last Minute Offensive - 0:00
Last Minute Defensive - 0:00
Total
Forward - 65:00
Defense - 65:00
|
Play by Play
1st period
0:01 of 1st period - Patrik Elias wins face-off versus Anze Kopitar in neutral zone.
0:25 of 1st period - Filip Novak is hit by T.J. Oshie and loses puck.
0:50 of 1st period - Backhand shot by Patrick O'Sullivan.
0:50 of 1st period - Stopped by Adam Munro with a rebound.
1:06 of 1st period - Snap shot by Anze Kopitar.
1:06 of 1st period - Shot Blocked by Shea Weber.
1:14 of 1st period - Snap shot by Jan Hlavac.
1:14 of 1st period - Stopped by Adam Munro without a rebound.
1:15 of 1st period - Peter Regin wins face-off versus David Legwand in Capitals zone.
2:26 of 1st period - Icing by Brian Rolston.
2:27 of 1st period - Nicklas Backstrom wins face-off versus David Legwand in Capitals zone.
3:20 of 1st period - Snap shot by Nicklas Backstrom.
3:20 of 1st period - Stopped by Chris Osgood with a rebound.
3:22 of 1st period - Slapshot by Anton Volchenkov.
3:22 of 1st period - Shot Misses the Net.
3:34 of 1st period - Snap shot by Nathan Horton.
3:34 of 1st period - Stopped by Adam Munro with a rebound.
3:52 of 1st period - Snap shot by Marcus Nilson.
3:52 of 1st period - Shot Blocked by Brian Rafalski.
4:02 of 1st period - Slapshot by Brian Rafalski.
4:02 of 1st period - Stopped by Chris Osgood with a rebound.
4:04 of 1st period - Slapshot by Anton Volchenkov.
4:04 of 1st period - Shot Misses the Net.
4:16 of 1st period - Wrist shot by Nathan Horton.
4:16 of 1st period - Shot Blocked by Brian Rafalski.
4:28 of 1st period - Wrist shot by Nicklas Backstrom.
4:28 of 1st period - Deflect By Andrew Brunette.
4:28 of 1st period - Stopped by Chris Osgood without a rebound.
4:29 of 1st period - Mike Modano wins face-off versus Anze Kopitar in Stars zone.
4:36 of 1st period - Snap shot by Mike Modano.
4:36 of 1st period - Shot Misses the Net.
5:14 of 1st period - Snap shot by Jason Chimera.
5:14 of 1st period - Shot Blocked by Filip Novak.
5:17 of 1st period - Icing by Mark Parrish.
5:18 of 1st period - Peter Regin wins face-off versus Glen Metropolit in Stars zone.
5:51 of 1st period - Snap shot by Anze Kopitar.
5:51 of 1st period - Shot Misses the Net.
6:35 of 1st period - Snap shot by Peter Regin.
6:35 of 1st period - Shot Hit the Post.
6:37 of 1st period - Slapshot by Dennis Wideman.
6:37 of 1st period - Stopped by Chris Osgood without a rebound.
6:38 of 1st period - Anze Kopitar wins face-off versus Mike Modano in Stars zone.
6:39 of 1st period - Wrist shot by Alex Tanguay.
6:39 of 1st period - Stopped by Chris Osgood without a rebound.
6:40 of 1st period - Anze Kopitar wins face-off versus Mike Modano in Stars zone.
7:09 of 1st period - Snap shot by T.J. Oshie.
7:09 of 1st period - Shot Misses the Net.
7:17 of 1st period - Snap shot by David Legwand.
7:17 of 1st period - Stopped by Adam Munro with a rebound.
8:33 of 1st period - Snap shot by Patrik Elias.
8:33 of 1st period - Stopped by Adam Munro with a rebound.
9:32 of 1st period - Brendan Bell is hit by Brian Rolston and loses puck.
9:39 of 1st period - Wrist shot by Brian Rolston.
9:39 of 1st period - Stopped by Chris Osgood with a rebound.
9:41 of 1st period - Slapshot by Brian Rafalski.
9:41 of 1st period - Shot Blocked by Mathieu Schneider.
9:43 of 1st period - Slapshot by Brian Rafalski.
9:43 of 1st period - Stopped by Chris Osgood without a rebound.
9:44 of 1st period - Jordan Staal wins face-off versus Colby Armstrong in Stars zone.
9:47 of 1st period - Snap shot by Thomas Vanek.
9:47 of 1st period - Shot Misses the Net.
10:09 of 1st period - Brian Rafalski is hit by Alexei Kovalev and loses puck.
10:14 of 1st period - Snap shot by Mike Modano.
10:14 of 1st period - Stopped by Adam Munro without a rebound.
10:15 of 1st period - Anze Kopitar wins face-off versus Mike Modano in Capitals zone.
10:24 of 1st period - Snap shot by Anze Kopitar.
10:24 of 1st period - Shot Misses the Net.
10:49 of 1st period - Wrist shot by Colby Armstrong.
10:49 of 1st period - Shot Blocked by Toni Lydman.
11:00 of 1st period - Off-side.
11:01 of 1st period - Patrick O'Sullivan wins face-off versus Peter Regin in neutral zone.
11:14 of 1st period - Off-side.
11:15 of 1st period - Alex Tanguay wins face-off versus David Legwand in neutral zone.
11:17 of 1st period - Off-side.
11:18 of 1st period - David Legwand wins face-off versus Anze Kopitar in neutral zone.
11:48 of 1st period - Minor Penalty to Anton Volchenkov for Close Hand On Puck.
11:49 of 1st period - Anze Kopitar wins face-off versus Mike Modano in Capitals zone.
12:24 of 1st period - Off-side.
12:25 of 1st period - Mike Modano wins face-off versus Anze Kopitar in neutral zone.
12:32 of 1st period - Wrist shot by Alexei Kovalev.
12:32 of 1st period - Shot Blocked by Brian Rafalski.
12:34 of 1st period - Snap shot by Cory Stillman.
12:34 of 1st period - Goal by Cory Stillman - Capitals : 0 - Stars : 1.
12:35 of 1st period - Mike Modano wins face-off versus Anze Kopitar in neutral zone.
13:05 of 1st period - David Legwand is hit by Brian Rafalski and loses puck.
13:26 of 1st period - Slapshot by Brian Rafalski.
13:26 of 1st period - Stopped by Chris Osgood with a rebound.
13:46 of 1st period - Wrist shot by Alexei Kovalev.
13:46 of 1st period - Shot Misses the Net.
13:59 of 1st period - Wrist shot by Nicklas Backstrom.
13:59 of 1st period - Stopped by Chris Osgood without a rebound.
14:00 of 1st period - Glen Metropolit wins face-off versus Anze Kopitar in Stars zone.
14:11 of 1st period - Alex Tanguay is hit by Mark Parrish and loses puck.
14:25 of 1st period - Icing by Jan Hlavac.
14:26 of 1st period - Glen Metropolit wins face-off versus Jordan Staal in Stars zone.
14:39 of 1st period - Snap shot by Cory Stillman.
14:39 of 1st period - Deflect By Alexei Kovalev.
14:39 of 1st period - Stopped by Adam Munro with a rebound.
14:41 of 1st period - Slapshot by Filip Novak.
14:41 of 1st period - Shot Blocked by Thomas Vanek.
14:53 of 1st period - Snap shot by Nathan Horton.
14:53 of 1st period - Stopped by Adam Munro with a rebound.
14:57 of 1st period - Slapshot by Marcus Nilson.
14:57 of 1st period - Stopped by Adam Munro without a rebound.
14:58 of 1st period - Patrick O'Sullivan wins face-off versus Anze Kopitar in Capitals zone.
15:11 of 1st period - Brendan Bell is hit by Anze Kopitar and loses puck.
15:24 of 1st period - Dennis Wideman is hit by Mike Modano and loses puck.
15:32 of 1st period - Minor Penalty to Cory Stillman for Holding.
15:33 of 1st period - Mike Modano wins face-off versus Anze Kopitar in Stars zone.
16:16 of 1st period - Wrist shot by Peter Regin.
16:16 of 1st period - Shot Misses the Net.
17:32 of 1st period - Penalty to Cory Stillman is over, Cory Stillman is back on ice.
17:45 of 1st period - Jordan Staal is hit by Brendan Bell and loses puck.
18:19 of 1st period - Jordan Staal is hit by Cory Stillman and loses puck.
19:16 of 1st period - David Legwand is hit by Toni Lydman and loses puck.
19:27 of 1st period - Jordan Staal is hit by Mathieu Schneider and loses puck.
2nd period
0:01 of 2nd period - Anze Kopitar wins face-off versus David Legwand in neutral zone.
0:54 of 2nd period - Snap shot by Marcus Nilson.
0:54 of 2nd period - Shot Blocked by Dennis Wideman.
0:56 of 2nd period - Snap shot by Marcus Nilson.
0:56 of 2nd period - Shot Misses the Net.
1:28 of 2nd period - Slapshot by Patrik Elias.
1:28 of 2nd period - Stopped by Adam Munro with a rebound.
1:50 of 2nd period - Wrist shot by Nathan Horton.
1:50 of 2nd period - Shot Blocked by Johnny Boychuk.
1:56 of 2nd period - Shea Weber is hit by Pierre-Alexandre Parenteau and loses puck.
2:15 of 2nd period - Cory Stillman is hit by Darius Kasparaitis and loses puck.
2:53 of 2nd period - Slapshot by Brian Rolston.
2:53 of 2nd period - Deflect By Nicklas Backstrom.
2:53 of 2nd period - Goal by Nicklas Backstrom - Capitals : 1 - Stars : 1.
2:54 of 2nd period - Anze Kopitar wins face-off versus Mike Modano in neutral zone.
3:20 of 2nd period - Colby Armstrong is hit by Thomas Vanek and loses puck.
3:47 of 2nd period - Snap shot by Andrew Brunette.
3:47 of 2nd period - Goal by Andrew Brunette - Capitals : 2 - Stars : 1.
3:48 of 2nd period - Mike Modano wins face-off versus Anze Kopitar in neutral zone.
3:55 of 2nd period - Slapshot by Mike Modano.
3:55 of 2nd period - Stopped by Adam Munro with a rebound.
3:57 of 2nd period - Slapshot by Filip Novak.
3:57 of 2nd period - Deflect By Mike Modano.
3:57 of 2nd period - Shot Blocked by Ales Hemsky.
3:57 of 2nd period - Puck is out of play.
3:58 of 2nd period - Anze Kopitar wins face-off versus Mike Modano in Capitals zone.
4:16 of 2nd period - Slapshot by Brian Rafalski.
4:16 of 2nd period - Deflect By Alex Tanguay.
4:16 of 2nd period - Shot Blocked by Filip Novak.
4:16 of 2nd period - Puck is out of play.
4:17 of 2nd period - Jordan Staal wins face-off versus David Legwand in Stars zone.
4:42 of 2nd period - Mike Modano is hit by Alex Tanguay and loses puck.
4:44 of 2nd period - Minor Penalty to Mathieu Schneider for Holding.
4:45 of 2nd period - Anze Kopitar wins face-off versus Mike Modano in Stars zone.
4:46 of 2nd period - Snap shot by Alex Tanguay.
4:46 of 2nd period - Shot Misses the Net.
4:48 of 2nd period - Snap shot by Brian Rolston.
4:48 of 2nd period - Shot Misses the Net.
4:50 of 2nd period - Backhand shot by Anton Volchenkov.
4:50 of 2nd period - Stopped by Chris Osgood with a rebound.
6:00 of 2nd period - Snap shot by Jan Hlavac.
6:00 of 2nd period - Stopped by Adam Munro without a rebound.
6:01 of 2nd period - Anze Kopitar wins face-off versus Glen Metropolit in Capitals zone.
6:44 of 2nd period - Penalty to Mathieu Schneider is over, Mathieu Schneider is back on ice.
8:28 of 2nd period - Wrist shot by T.J. Oshie.
8:28 of 2nd period - Stopped by Chris Osgood without a rebound.
8:29 of 2nd period - Glen Metropolit wins face-off versus Jordan Staal in Stars zone.
9:03 of 2nd period - Wrist shot by David Legwand.
9:03 of 2nd period - Stopped by Adam Munro with a rebound.
9:17 of 2nd period - Wrist shot by Mike Modano.
9:17 of 2nd period - Deflect By Alexei Kovalev.
9:17 of 2nd period - Stopped by Adam Munro with a rebound.
9:56 of 2nd period - Snap shot by T.J. Oshie.
9:56 of 2nd period - Stopped by Chris Osgood without a rebound.
9:57 of 2nd period - Jordan Staal wins face-off versus Glen Metropolit in Stars zone.
10:08 of 2nd period - Wrist shot by Jan Hlavac.
10:08 of 2nd period - Stopped by Adam Munro with a rebound.
10:10 of 2nd period - Wrist shot by Mark Parrish.
10:10 of 2nd period - Shot Misses the Net.
10:12 of 2nd period - Wrist shot by Mark Parrish.
10:12 of 2nd period - Goal by Mark Parrish - Capitals : 2 - Stars : 2.
10:13 of 2nd period - David Legwand wins face-off versus Anze Kopitar in neutral zone.
10:20 of 2nd period - Snap shot by Patrik Elias.
10:20 of 2nd period - Stopped by Adam Munro with a rebound.
10:22 of 2nd period - Backhand shot by David Legwand.
10:22 of 2nd period - Deflect By Patrik Elias.
10:22 of 2nd period - Stopped by Adam Munro with a rebound.
10:28 of 2nd period - Snap shot by David Legwand.
10:28 of 2nd period - Stopped by Adam Munro with a rebound.
10:42 of 2nd period - Icing by Mathieu Schneider.
10:43 of 2nd period - Mike Modano wins face-off versus Jordan Staal in Stars zone.
11:28 of 2nd period - Wrist shot by Alexei Kovalev.
11:28 of 2nd period - Stopped by Adam Munro with a rebound.
11:30 of 2nd period - Slapshot by Mathieu Schneider.
11:30 of 2nd period - Stopped by Adam Munro with a rebound.
11:46 of 2nd period - Slapshot by Dennis Wideman.
11:46 of 2nd period - Stopped by Chris Osgood with a rebound.
12:29 of 2nd period - Alexei Kovalev is hit by T.J. Oshie and loses puck.
12:59 of 2nd period - Snap shot by Mike Modano.
12:59 of 2nd period - Shot Blocked by T.J. Oshie.
13:01 of 2nd period - Wrist shot by Cory Stillman.
13:01 of 2nd period - Goal by Cory Stillman - Capitals : 2 - Stars : 3.
13:02 of 2nd period - Anze Kopitar wins face-off versus David Legwand in neutral zone.
13:29 of 2nd period - Wrist shot by Marcus Nilson.
13:29 of 2nd period - Stopped by Adam Munro with a rebound.
14:00 of 2nd period - Slapshot by Jason Chimera.
14:00 of 2nd period - Stopped by Chris Osgood without a rebound.
14:01 of 2nd period - Peter Regin wins face-off versus David Legwand in Stars zone.
14:08 of 2nd period - Wrist shot by Jason Chimera.
14:08 of 2nd period - Shot Blocked by Patrik Elias.
14:10 of 2nd period - Slapshot by Darius Kasparaitis.
14:10 of 2nd period - Stopped by Chris Osgood with a rebound.
14:12 of 2nd period - Snap shot by Johnny Boychuk.
14:12 of 2nd period - Stopped by Chris Osgood without a rebound.
14:13 of 2nd period - David Legwand wins face-off versus Anze Kopitar in Stars zone.
14:38 of 2nd period - Nathan Horton is hit by Andrew Brunette and loses puck.
14:43 of 2nd period - Snap shot by Andrew Brunette.
14:43 of 2nd period - Shot Blocked by Shea Weber.
14:45 of 2nd period - Wrist shot by Nicklas Backstrom.
14:45 of 2nd period - Shot Misses the Net.
14:47 of 2nd period - Slapshot by Johnny Boychuk.
14:47 of 2nd period - Shot Blocked by Nathan Horton.
14:49 of 2nd period - Slapshot by Johnny Boychuk.
14:49 of 2nd period - Shot Blocked by Shea Weber.
15:06 of 2nd period - Minor Penalty to Pierre-Alexandre Parenteau for Interference.
15:07 of 2nd period - Alex Tanguay wins face-off versus David Legwand in Capitals zone.
15:22 of 2nd period - Backhand shot by David Legwand.
15:22 of 2nd period - Stopped by Adam Munro with a rebound.
15:38 of 2nd period - Brian Rafalski is hit by Cory Stillman and loses puck.
15:51 of 2nd period - Anton Volchenkov is hit by Patrik Elias and loses puck.
16:10 of 2nd period - Brian Rolston is hit by Alexei Kovalev.
16:30 of 2nd period - Off-side.
16:31 of 2nd period - David Legwand wins face-off versus Jordan Staal in neutral zone.
17:06 of 2nd period - Penalty to Pierre-Alexandre Parenteau is over, Pierre-Alexandre Parenteau is back on ice.
17:20 of 2nd period - Wrist shot by Peter Regin.
17:20 of 2nd period - Shot Blocked by Nathan Horton.
17:25 of 2nd period - Minor Penalty to Pierre-Alexandre Parenteau for Roughing.
17:26 of 2nd period - Anze Kopitar wins face-off versus Mike Modano in Capitals zone.
17:51 of 2nd period - Brian Rafalski is hit by Patrik Elias and loses puck.
19:25 of 2nd period - Penalty to Pierre-Alexandre Parenteau is over, Pierre-Alexandre Parenteau is back on ice.
3rd period
0:01 of 3rd period - David Legwand wins face-off versus Anze Kopitar in neutral zone.
0:15 of 3rd period - Minor Penalty to Anton Volchenkov for Holding.
0:16 of 3rd period - David Legwand wins face-off versus Anze Kopitar in Capitals zone.
0:31 of 3rd period - Wrist shot by Patrik Elias.
0:31 of 3rd period - Stopped by Adam Munro with a rebound.
2:15 of 3rd period - Penalty to Anton Volchenkov is over, Anton Volchenkov is back on ice.
3:23 of 3rd period - Snap shot by Jordan Staal.
3:23 of 3rd period - Goal by Jordan Staal - Capitals : 3 - Stars : 3.
3:24 of 3rd period - Patrik Elias wins face-off versus Jordan Staal in neutral zone.
3:53 of 3rd period - Wrist shot by Nathan Horton.
3:53 of 3rd period - Shot Misses the Net.
3:57 of 3rd period - Snap shot by Marcus Nilson.
3:57 of 3rd period - Stopped by Adam Munro without a rebound.
3:58 of 3rd period - Anze Kopitar wins face-off versus David Legwand in Capitals zone.
4:06 of 3rd period - Off-side.
4:07 of 3rd period - David Legwand wins face-off versus Anze Kopitar in neutral zone.
4:14 of 3rd period - Snap shot by David Legwand.
4:14 of 3rd period - Shot Blocked by Dennis Wideman.
4:20 of 3rd period - Wrist shot by David Legwand.
4:20 of 3rd period - Stopped by Adam Munro with a rebound.
4:22 of 3rd period - Wrist shot by David Legwand.
4:22 of 3rd period - Shot Misses the Net.
4:26 of 3rd period - Snap shot by Patrik Elias.
4:26 of 3rd period - Shot Hit the Post.
4:28 of 3rd period - Wrist shot by David Legwand.
4:28 of 3rd period - Goal by David Legwand - Capitals : 3 - Stars : 4.
4:29 of 3rd period - David Legwand wins face-off versus Anze Kopitar in neutral zone.
4:42 of 3rd period - Snap shot by Patrik Elias.
4:42 of 3rd period - Shot Blocked by Anton Volchenkov.
4:59 of 3rd period - Slapshot by Brian Rafalski.
4:59 of 3rd period - Shot Misses the Net.
5:01 of 3rd period - Snap shot by Thomas Vanek.
5:01 of 3rd period - Stopped by Chris Osgood without a rebound.
5:02 of 3rd period - Patrik Elias wins face-off versus Jordan Staal in Stars zone.
5:06 of 3rd period - Off-side.
5:07 of 3rd period - David Legwand wins face-off versus Jordan Staal in neutral zone.
5:18 of 3rd period - Snap shot by Thomas Vanek.
5:18 of 3rd period - Shot Hit the Post.
5:23 of 3rd period - Off-side.
5:24 of 3rd period - Mike Modano wins face-off versus Anze Kopitar in neutral zone.
5:27 of 3rd period - Ales Hemsky is hit by Cory Stillman and loses puck.
5:40 of 3rd period - Wrist shot by Ales Hemsky.
5:40 of 3rd period - Stopped by Chris Osgood without a rebound.
5:41 of 3rd period - Jordan Staal wins face-off versus Colby Armstrong in Stars zone.
5:44 of 3rd period - Slapshot by Thomas Vanek.
5:44 of 3rd period - Shot Blocked by Patrik Elias.
6:07 of 3rd period - Filip Novak is hit by Anze Kopitar and loses puck.
6:30 of 3rd period - Wrist shot by Patrick O'Sullivan.
6:30 of 3rd period - Stopped by Adam Munro without a rebound.
6:30 of 3rd period - Minor Penalty to Adam Munro for Slashing.
6:31 of 3rd period - David Legwand wins face-off versus Anze Kopitar in Capitals zone.
6:34 of 3rd period - Wrist shot by David Legwand.
6:34 of 3rd period - Stopped by Adam Munro without a rebound.
6:35 of 3rd period - Anze Kopitar wins face-off versus David Legwand in Capitals zone.
8:21 of 3rd period - Brian Rolston is hit by Shea Weber and loses puck.
8:30 of 3rd period - Penalty to Andrew Brunette is over, Andrew Brunette is back on ice.
8:50 of 3rd period - Wrist shot by Nathan Horton.
8:50 of 3rd period - Shot Misses the Net.
9:02 of 3rd period - Anton Volchenkov is hit by Jan Hlavac and loses puck.
10:05 of 3rd period - Snap shot by Brian Rolston.
10:05 of 3rd period - Shot Misses the Net.
10:07 of 3rd period - Slapshot by Darius Kasparaitis.
10:07 of 3rd period - Stopped by Chris Osgood without a rebound.
10:08 of 3rd period - Anze Kopitar wins face-off versus Glen Metropolit in Stars zone.
10:09 of 3rd period - Wrist shot by Ales Hemsky.
10:09 of 3rd period - Goal by Ales Hemsky - Capitals : 4 - Stars : 4.
10:10 of 3rd period - Anze Kopitar wins face-off versus David Legwand in neutral zone.
10:39 of 3rd period - Snap shot by Mathieu Schneider.
10:39 of 3rd period - Stopped by Adam Munro without a rebound.
10:40 of 3rd period - Jordan Staal wins face-off versus Patrick O'Sullivan in Capitals zone.
10:50 of 3rd period - Minor Penalty to Brendan Bell for Charging.
10:50 of 3rd period - Minor Penalty to Thomas Vanek for Holding.
10:51 of 3rd period - Anze Kopitar wins face-off versus David Legwand in Capitals zone.
10:58 of 3rd period - Wrist shot by David Legwand.
10:58 of 3rd period - Stopped by Adam Munro with a rebound.
11:38 of 3rd period - Slapshot by Brian Rafalski.
11:38 of 3rd period - Deflect By Andrew Brunette.
11:38 of 3rd period - Stopped by Chris Osgood without a rebound.
11:39 of 3rd period - David Legwand wins face-off versus Andrew Brunette in Stars zone.
11:58 of 3rd period - Cory Stillman is hit by Alex Tanguay.
11:59 of 3rd period - Cory Stillman from Stars is injured at 11:59 of 3rd period (Abdomen/Ribs).
12:00 of 3rd period - Mike Modano wins face-off versus Anze Kopitar in Stars zone.
12:05 of 3rd period - Wrist shot by Anze Kopitar.
12:05 of 3rd period - Stopped by Chris Osgood with a rebound.
12:25 of 3rd period - Mathieu Schneider is hit by Anze Kopitar and loses puck.
12:36 of 3rd period - Anton Volchenkov is hit by Mathieu Schneider and loses puck.
12:50 of 3rd period - Penalty to Brendan Bell is over, Brendan Bell is back on ice.
12:50 of 3rd period - Penalty to Thomas Vanek is over, Thomas Vanek is back on ice.
12:57 of 3rd period - Off-side.
12:58 of 3rd period - David Legwand wins face-off versus Jordan Staal in neutral zone.
12:58 of 3rd period - Minor Penalty to T.J. Oshie for Holding.
12:59 of 3rd period - Mike Modano wins face-off versus Anze Kopitar in Capitals zone.
14:08 of 3rd period - Anze Kopitar is hit by Mike Modano.
14:27 of 3rd period - Colby Armstrong is hit by Toni Lydman and loses puck.
14:58 of 3rd period - Penalty to T.J. Oshie is over, T.J. Oshie is back on ice.
15:11 of 3rd period - Snap shot by Glen Metropolit.
15:11 of 3rd period - Stopped by Adam Munro with a rebound.
15:55 of 3rd period - Jan Hlavac is hit by Pierre-Alexandre Parenteau and loses puck.
16:24 of 3rd period - Shea Weber is hit by Thomas Vanek and loses puck.
17:47 of 3rd period - Patrick O'Sullivan is hit by Pierre-Alexandre Parenteau and loses puck.
19:08 of 3rd period - David Legwand is hit by Alex Tanguay.
19:12 of 3rd period - Major / Game Misconduct Penalty to Ales Hemsky for Abuse of Officials.
19:12 of 3rd period - Ales Hemsky is ejected from game.
19:13 of 3rd period - Anze Kopitar wins face-off versus Mike Modano in Capitals zone.
19:24 of 3rd period - Dennis Wideman is hit by Shea Weber and loses puck.
Overtime #1
0:01 of 1st overtime period - Anze Kopitar wins face-off versus David Legwand in neutral zone.
0:04 of 1st overtime period - Slapshot by Anton Volchenkov.
0:04 of 1st overtime period - Shot Misses the Net.
1:10 of 1st overtime period - Dennis Wideman is hit by Glen Metropolit.
2:36 of 1st overtime period - Shea Weber is hit by Alex Tanguay and loses puck.
2:43 of 1st overtime period - Patrik Elias is hit by Toni Lydman and loses puck.
4:12 of 1st overtime period - Penalty to Ales Hemsky is over, Andrew Brunette is send on ice.
ShootOut
5:00 of 1st overtime period - Penalty Shot by Anze Kopitar for Capitals.
5:00 of 1st overtime period - Deke by Anze Kopitar.
5:00 of 1st overtime period - Goal by Anze Kopitar.
5:00 of 1st overtime period - Penalty Shot by Mike Modano for Stars.
5:00 of 1st overtime period - Deke by Mike Modano.
5:00 of 1st overtime period - Stopped by Adam Munro.
5:00 of 1st overtime period - Penalty Shot by Alex Tanguay for Capitals.
5:00 of 1st overtime period - Wrist shot by Alex Tanguay.
5:00 of 1st overtime period - Shot Misses the Net.
5:00 of 1st overtime period - Penalty Shot by Alexei Kovalev for Stars.
5:00 of 1st overtime period - Snap shot by Alexei Kovalev.
5:00 of 1st overtime period - Goal by Alexei Kovalev.
5:00 of 1st overtime period - Penalty Shot by Thomas Vanek for Capitals.
5:00 of 1st overtime period - Wrist shot by Thomas Vanek.
5:00 of 1st overtime period - Shot Misses the Net.
5:00 of 1st overtime period - Penalty Shot by Nathan Horton for Stars.
5:00 of 1st overtime period - Snap shot by Nathan Horton.
5:00 of 1st overtime period - Stopped by Adam Munro.
5:00 of 1st overtime period - Penalty Shot by Brian Rolston for Capitals.
5:00 of 1st overtime period - Deke by Brian Rolston.
5:00 of 1st overtime period - Stopped by Chris Osgood.
5:00 of 1st overtime period - Penalty Shot by Glen Metropolit for Stars.
5:00 of 1st overtime period - Wrist shot by Glen Metropolit.
5:00 of 1st overtime period - Stopped by Adam Munro.
5:00 of 1st overtime period - Penalty Shot by Peter Regin for Capitals.
5:00 of 1st overtime period - Wrist shot by Peter Regin.
5:00 of 1st overtime period - Stopped by Chris Osgood.
5:00 of 1st overtime period - Penalty Shot by David Legwand for Stars.
5:00 of 1st overtime period - Snap shot by David Legwand.
5:00 of 1st overtime period - Stopped by Adam Munro.
5:00 of 1st overtime period - Penalty Shot by Brian Rafalski for Capitals.
5:00 of 1st overtime period - Wrist shot by Brian Rafalski.
5:00 of 1st overtime period - Shot Misses the Net.
5:00 of 1st overtime period - Penalty Shot by Jan Hlavac for Stars.
5:00 of 1st overtime period - Wrist shot by Jan Hlavac.
5:00 of 1st overtime period - Shot Misses the Net.
5:00 of 1st overtime period - Penalty Shot by Pierre-Alexandre Parenteau for Capitals.
5:00 of 1st overtime period - Wrist shot by Pierre-Alexandre Parenteau.
5:00 of 1st overtime period - Goal by Pierre-Alexandre Parenteau.
5:00 of 1st overtime period - Penalty Shot by Colby Armstrong for Stars.
5:00 of 1st overtime period - Backhand shot by Colby Armstrong.
5:00 of 1st overtime period - Stopped by Adam Munro.
Output by the SimonT Hockey Simulator (STHS) for François Prévost -- Original Page W3C XHTML 1.0 Valid